 Dungeon Crawl Stone Soup version 0.21-a0-496-g696f58f (webtiles) character file.

71 kae the Digger (level 4, -2/24 HPs)
             Began as a Gargoyle Earth Elementalist on Nov 23, 2017.
             Slain by a gnoll
             ... wielding a +0 halberd
              (7 damage)
             ... on level 2 of the Dungeon.
             The game lasted 00:01:47 (1935 turns).

kae the Digger (Gargoyle Earth Elementalist)        Turns: 1935, Time: 00:01:48

Health: -2/24      AC:  6    Str: 11    XL:     4   Next: 24%
Magic:  3/8        EV: 12    Int: 17    God:
Gold:   81         SH:  0    Dex: 10    Spells: 5/9 levels left

rFire    . . .     SeeInvis .   m - -1 dagger (curse)
rCold    . . .     Gourm    .   (no shield)
rNeg     + . .     Faith    .   c - +0 robe
rPois    ∞         Spirit   .   (no helmet)
rElec    +         Reflect  .   (no cloak)
rCorr    .         Harm     .   g - +0 pair of gloves
MR       .....                  (no boots)
Stlth    ++........             (no amulet)
HPRegen  0.08/turn              (no ring)
MPRegen  0.11/turn              (no ring)

@: no status effects
A: negative energy resistance 1, electricity resistance, unbreathing,
petrification resistance, rot immunity, AC +3
a: no special abilities


You were on level 2 of the Dungeon.
You were very hungry.

You visited 1 branch of the dungeon, and saw 2 of its levels.

You collected 81 gold pieces.

Inventory:

Hand Weapons
 a - a +0 club
 m - a cursed -1 dagger (weapon)
Missiles
 b - 57 stones (quivered)
Armour
 c - a +0 robe (worn)
 g - a +0 pair of gloves (worn)
Jewellery
 h - an uncursed ring of wizardry {unknown}
Scrolls
 f - 2 scrolls of identify {unknown}
 j - a scroll of remove curse {unknown}
 l - 2 scrolls of blinking {unknown}
Potions
 i - a potion of ambrosia
 k - a potion of might {unknown}
Books
 e - a book of Geomancy

   Spells                             Type                      Level
   a - Sandblast                      Earth                        1
   b - Passwall                       Transmutation/Earth          2
   c - Stone Arrow                    Conjuration/Earth            3
   d - Petrify                        Transmutation/Earth          4
   e - Lee's Rapid Deconstruction     Earth                        5
Comestibles
 d - a bread ration
 n - a meat ration


   Skills:
 + Level 0.4 Fighting
 + Level 1.7 Dodging
 - Level 2.1 Stealth
 * Level 3.0 Spellcasting
 * Level 1.0 Conjurations
   Level 0.7 Transmutations
 * Level 4.7 Earth Magic


You had 5 spell levels left.
You knew the following spells:

 Your Spells              Type           Power        Failure   Level  Hunger
a - Sandblast             Erth           ###...       2%          1    None
b - Stone Arrow           Conj/Erth      ##....       16%         3    ###....


Dungeon Overview and Level Annotations

Branches:
Dungeon (2/15)

Altars:


Innate Abilities, Weirdness & Mutations

You are resistant to torment.
Your stone body is resilient. (AC +3)
You are immune to poison.
You resist negative energy. (rN+)
You are resistant to electric shocks. (rElec)
You can survive without breathing.
You are immune to petrification.
You are immune to rotting.


Message History

The gnoll hits you but does no damage.
Casting: Sandblast
Confirm with . or Enter, or press ? or * to list all spells.
Aiming: Sandblast
Press: ? - help, Shift-Dir - straight line, f - gnoll
Aim: a gnoll, wielding a halberd The blast of sand hits the gnoll.
The gnoll is lightly wounded.
b - 58 stones The gnoll misses you.
Casting: Sandblast
Confirm with . or Enter, or press ? or * to list all spells.
Aiming: Sandblast
Press: ? - help, Shift-Dir - straight line, f/p - gnoll
Aim: a gnoll, wielding a halberd (lightly wounded)
The blast of sand hits the gnoll.
The gnoll is heavily wounded.
b - 57 stones The gnoll hits you from afar with a halberd!
You die...

....'.......)................>#
#####......##......#..........#
#........##......#..........#
#........##......####.......#
#........##......##.'........
###......#####...##.#........
#......# #...##.####.....
###.#### ######.### ..... #.#
#@†..#...# ..... # #.# # #.
#)##'###'####### #######.#.# #.
#g#........#
......#.#.###'##)#........#####
......+........#.#........'...#
......#)#......#.#........###.#
......#.#......#.#........'...#
....>.#÷#........#........#####
......#.#...(...###########


You could see a gnoll.

Vanquished Creatures
  3 gnolls (D:2)
  A worm (D:2)
  2 leopard geckos
  2 giant cockroaches
  7 goblins
  4 hobgoblins (D:2)
  4 kobolds
  7 bats
  2 frilled lizards
  6 rats
38 creatures vanquished.

Notes
Turn   | Place    | Note
-------+----------+-------------------------------------------
     0 | D:1      | kae the Gargoyle Earth Elementalist began the quest for the Orb.
     0 | D:1      | Reached XP level 1. HP: 10/10 MP: 3/3
   482 | D:1      | Reached skill level 4 in Earth Magic
   482 | D:1      | Reached XP level 2. HP: 15/15 MP: 5/5
   935 | D:2      | Reached XP level 3. HP: 11/19 MP: 1/6
  1288 | D:2      | Learned a level 3 spell: Stone Arrow
  1924 | D:2      | Reached XP level 4. HP: 10/24 MP: 5/8
  1933 | D:2      | Reached skill level 1 in Conjurations
  1935 | D:2      | Slain by a gnoll

Vault maps used:
D:1:      dpeg_arrival_fog, grunt_decor_one_mirror
D:2:      minmay_strange_pillars, nicolae_ru_sacrificial_ziggurat

Skill      XL: |  1  2  3  4 |
---------------+-------------+-----
Earth Magic    | 4 |  4.7
Spellcasting   | 3 |  3.0
Conjurations   | 1 |  1.0
Fighting       | |  0.4
Dodging        | |  1.7
Stealth        | |  2.1
Transmutations | |  0.7

Action                   |  1- 3 |  4- 6 || total
-------------------------+-------+-------++-------
Melee: Unarmed           |    14 |       ||    14
       Club              |    82 |       ||    82
       Dagger            |    28 |     2 ||    30
 Cast: Sandblast         |    29 |     5 ||    34
       Stone Arrow       |     3 |       ||     3
  Use: Potion            |     1 |       ||     1
 Stab: Sleeping          |     3 |       ||     3
  Eat: Chunk             |     3 |       ||     3
Armor: Robe              |    57 |     1 ||    58
Dodge: Dodged            |   126 |     9 ||   135

Table legend:
 A = Spawn XP
 B = Non-spawn XP
 C = Spawn XP percentage of total XP
 D = Spawn monster count
 E = Non-spawn monster count
 F = Spawn count percentage of total count
 G = Total turns spent on level
                    A         B        C        D         E        F      G
               +---------+---------+-------+---------+---------+-------+---------
         Total |       0 |     102 |   0.0 |       0 |      38 |   0.0 |  1935
               +---------+---------+-------+---------+---------+-------+---------
           D:1 |       0 |      29 |   0.0 |       0 |      19 |   0.0 |   912
           D:2 |       0 |      73 |   0.0 |       0 |      19 |   0.0 |  1023
               +---------+---------+-------+---------+---------+-------+---------
